 Dungeon Crawl Stone Soup version 0.31-a0-965-g8a8ce12e04 (webtiles) character file.

Game seed: 2542694710445691952

1006 Maxmaps the Changeling (level 8, 0/55 HPs)
             Began as an Octopode Shapeshifter on Oct 26, 2023.
             Slain by an ogre
             ... wielding a +0 giant club
              (31 damage)
             ... on level 5 of the Dungeon.
             The game lasted 00:04:34 (3676 turns).

Maxmaps the Changeling (Octopode Shapeshifter)      Turns: 3676, Time: 00:04:35

Health: 0/55       AC:  1    Str: 20    XL:     8   Next: 20%
Magic:  8/8        EV: 11    Int: 14    God:
Gold:   897        SH:  7    Dex: 11    Spells: 7/7 levels left

rFire   . . .        m - +4 dagger (drain)
rCold   . . .        t - +0 kite shield
rNeg    . . .        (helmet currently unavailable)
rPois   .            (no amulet)
rElec   .            h - +6 ring of strength
rCorr   .            (no ring)
SInv    .            (no ring)
Will    .....        (no ring)
Stlth   +++          (no ring)
HPRegen 0.29/turn    (no ring)
MPRegen 0.11/turn    (no ring)
                     (no ring)

%: no passive effects
@: beast-form
A: beast (slay +3), almost no armour, amphibious, 8 rings, camouflage 1,
gelatinous body 1, (nimble swimmer 1), tentacles
a: Begin Untransformation


You were on level 5 of the Dungeon.
You were a hulking beast.
You visited 1 branch of the dungeon, and saw 5 of its levels.

You collected 897 gold pieces.

Inventory:

Hand Weapons
 d - a +2 short sword of venom
 m - a +4 dagger of draining (weapon)
Missiles
 q - a throwing net
Armour
 t - a +0 kite shield (worn)
Jewellery
 h - a +6 ring of strength (left tentacle)
 o - an amulet of guardian spirit
Talismans
 b - a beast talisman
 c - a flux talisman
Wands
 p - a wand of polymorph (10)
 r - a wand of flame (13)
Scrolls
 f - a scroll of blinking
 i - a scroll of teleportation
 l - 4 scrolls of identify
Potions
 a - a potion of lignification
 g - 3 potions of heal wounds
 j - a potion of cancellation


   Skills:
 - Level 5.2 Fighting
 - Level 4.0 Short Blades
 - Level 2.0 Dodging
 - Level 4.0 Stealth
 - Level 3.0 Unarmed Combat
 + Level 5.8 Shapeshifting


You had 7 spell levels left.
You didn't know any spells.
Your spell library contained the following spells:

 Spells                   Type           Power      Damage    Failure   Level
 Sting                    Tmut/Pois      0%         1d3       63%         1
 Cigotuvi's Dreadful Rot  Necr/Pois/Air  0%         N/A       77%         2
 Ensorcelled Hibernation  Hex/Ice        0%         N/A       77%         2
 Passwall                 Tmut/Erth      0%         N/A       77%         2
 Poisonous Vapours        Pois/Air       0%         N/A       77%         2
 Ignite Poison            Fire/Tmut/Pois 0%         N/A       94%         3
 Swiftness                Air            0%         N/A       94%         3
 Olgreb's Toxic Radiance  Pois           0%         N/A       100%        4
 Freezing Cloud           Conj/Ice/Air   0%         6-21      100%        5


Dungeon Overview and Level Annotations

Branches:
Dungeon (5/15)
 Temple: D:4-7

Altars:
Nemelex Xobeh
Sif Muna
Vehumet

Annotations:
D:3 1 transporter


Innate Abilities, Weirdness & Mutations

You are a hulking beast.
Your limbs bulge with bestial killing power. (Slay +3)
You cannot wear most types of armour.
You are amphibious.
You can wear up to eight rings at the same time.
Your skin changes colour to match your surroundings (Stealth+).
Your rubbery body absorbs attacks. (AC +1, EV +1)
((You are camouflaged when in or above water. (Stealth+)))
You have tentacles for arms and can constrict up to eight enemies at once.


Message History

An ufetubus is nearby!
You puncture the ufetubus! Your grab misses the ufetubus.
The ufetubus is almost dead.
You block the ufetubus's attack. The ufetubus barely misses you.
You block the ufetubus's attack. The ufetubus barely misses you.
An ufetubus is nearby!
You miss the ufetubus. Your grab misses the ufetubus. You squeeze the ufetubus.
You kill the ufetubus!
HP restored.
You open the door.
There is an open door here.
You now have 878 gold pieces (gained 12).
You now have 886 gold pieces (gained 8).
As you open the door, it creaks loudly!
No target in view!
An adder comes into view.
There is an open door here.
Found a stone staircase leading down.
An adder is nearby!
An adder is nearby!
You hit the adder but do no damage. You drain the adder. You grab the adder.
The adder is lightly wounded.
You constrict the adder. The adder barely misses you.
You puncture the adder!
You kill the adder!
No target in view!
You now have 897 gold pieces (gained 11).
An ogre comes into view. It is wielding a +0 giant club.
Found 12 gold pieces.
An ogre is nearby!
An ogre comes into view. It is wielding a +0 giant club.
There are monsters nearby!
There are monsters nearby!
The ogre shouts! x2
The ogre hits you with a +0 giant club!!
You hit the ogre. You drain the ogre. You squeeze the ogre!
The ogre is almost dead.
The ogre hits you with a +0 giant club!!
Ouch! That really hurt!
You die...

### ### #..# ##.. ...#
#... ########..# #...
##.....##..# #...
#......##..#########...
#....$.....##.....##...
#.................##...
#....Oh##..##......'...
##....O##..##.....##...
#####+##..##....>##...
#..........##...
#...........#...
##..........#...
#..####...##... #..#
###+##### .....


You could see 2 ogres.

Vanquished Creatures
  Grinder (D:4)
  A phantom (D:5)
  A gnoll sergeant (D:4)
  A scorpion (D:5)
  A howler monkey (D:4)
  2 hounds
  2 jellies (D:4)
  2 orc priests (D:4)
  Crazy Yiuf (D:3)
  Jessica (D:3)
  Natasha (thrice) (D:3)
  2 orc wizards
  4 gnolls (D:4)
  6 adders
  A white imp (D:5)
  An ufetubus (D:5)
  A worm (D:3)
  3 dart slugs
  13 orcs
  7 endoplasms
  3 giant cockroaches
  10 goblins
  7 hobgoblins
  7 jackals
  3 quokkas
  9 ball pythons
  2 bats (D:1)
  3 frilled lizards
  9 kobolds
  5 rats
112 creatures vanquished.

Notes
Turn   | Place    | Note
-------+----------+-------------------------------------------
     0 | D:1      | Maxmaps the Octopode Shapeshifter began the quest for the
                  | Orb.
     0 | D:1      | Reached XP level 1. HP: 13/13 MP: 1/1
    27 | D:1      | Reached skill level 1 in Stealth
   176 | D:1      | Reached XP level 2. HP: 16/18 MP: 2/2
   404 | D:1      | Reached XP level 3. HP: 20/23 MP: 3/3
  1458 | D:2      | Reached XP level 4. HP: 29/29 MP: 4/4
  1606 | D:3      | Reached skill level 1 in Short Blades
  1812 | D:3      | Found a radiant altar of Vehumet.
  1902 | D:3      | Found a sparkling altar of Nemelex Xobeh.
  1902 | D:3      | Found a transporter.
  1946 | D:3      | Noticed Natasha
  1952 | D:3      | Killed Natasha
  1953 | D:3      | Reached XP level 5. HP: 34/34 MP: 5/5
  1990 | D:3      | Noticed Jessica
  1995 | D:3      | Killed Jessica
  2022 | D:3      | Found a shimmering blue altar of Sif Muna.
  2104 | D:3      | Found a runed translucent door.
  2105 | D:3      | Noticed Crazy Yiuf
  2136 | D:3      | Noticed Natasha
  2141 | D:3      | Killed Natasha
  2349 | D:3      | Noticed Natasha
  2354 | D:3      | Killed Natasha
  2355 | D:3      | Reached XP level 6. HP: 39/41 MP: 6/6
  2459 | D:3      | Killed Crazy Yiuf
  2698 | D:4      | Noticed Grinder
  2715 | D:4      | Killed Grinder
  2716 | D:4      | Reached skill level 5 in Fighting
  2716 | D:4      | Reached XP level 7. HP: 47/50 MP: 7/7
  2827 | D:5      | Entered Level 5 of the Dungeon
  3297 | D:4      | Reached skill level 5 in Shapeshifting
  3297 | D:4      | Reached XP level 8. HP: 36/55 MP: 8/8
  3559 | D:5      | Identified a scroll of acquirement
  3559 | D:5      | Acquired 654 gold pieces
  3676 | D:5      | Slain by an ogre

Illustrated notes

Levels and vault maps discovered:
D:1:      minmay_arrival_split_and_join, layout_loops_ring
D:2:      layout_basic
D:3:      layout_loops_cross, tgw_sif, grunt_nemelex_the_gamble,
          mainiacjoe_overflow_concentric_impassable, uniq_natasha,
          uniq_crazy_yiuf_cottage
D:4:      layout_gridville, minmay_pentomino_pile, uniq_grinder
D:5:      layout_gridville

Skill      XL: |  1  2  3  4  5  6  7 |
---------------+----------------------+-----
Stealth        | 2 3 4 |  4.0
Fighting       | 2 5 |  5.2
Short Blades   | 3 4 |  4.0
Shapeshifting  | 5 |  5.8
Dodging        | |  2.0
Unarmed Combat | |  3.0

Action                     |  1- 3 |  4- 6 |  7- 9 || total
---------------------------+-------+-------+-------++-------
  Melee: Unarmed           |    73 |     9 |       ||    82
         Tentacles         |    14 |    12 |    13 ||    39
         Constrict         |    16 |    18 |    14 ||    48
         Short sword       |     9 |    22 |       ||    31
         Dagger            |       |    41 |    70 ||   111
         Punch             |       |     4 |     4 ||     8
    Use: Potion            |     2 |       |       ||     2
         Scroll            |       |       |     7 ||     7
   Stab: Sleeping          |    19 |     5 |     5 ||    29
         Distracted        |     1 |       |       ||     1
 Armour: Skin              |    28 |    18 |    23 ||    69
  Dodge: Dodged            |    26 |    27 |    53 ||   106
  Block: Kite shield       |       |       |     3 ||     3

Table legend: (Time is in decaauts)
 A = Elapsed time spent in this place.
 B = Non-inter-level travel time spent in this place.
 C = Inter-level travel time spent in this place.
 D = Time resting spent in this place.
 E = Time spent auto-exploring this place.
 F = Levels seen in this place.
 G = Mean time per level.
                   A        B        C        D        E       F      G
               +--------+--------+--------+--------+--------+-----+--------+
         Total |   3648 |   3501 |    147 |    225 |   2569 |   5 |  729.6 |
       Dungeon |   3648 |   3501 |    147 |    225 |   2569 |   5 |  729.6 |
               +--------+--------+--------+--------+--------+-----+--------+

Top non-repeatable levels by time:
     D:3: 974 daAuts
     D:4: 884 daAuts
     D:1: 874 daAuts
     D:2: 651 daAuts
     D:5: 263 daAuts
